 Dungeon Crawl Stone Soup version 0.23.2-1-ga50397a (webtiles) character file.

Game seed: 7652379594053192615

1956 xveg the Cleaver (level 8, -3/69 HPs)
             Began as a Minotaur Gladiator on May 8, 2019.
             Was an Initiate of Gozag.
             Slain by an orc warrior
             ... wielding a +0 long sword
              (15 damage)
             ... on level 6 of the Dungeon.
             The game lasted 00:14:56 (4742 turns).

xveg the Cleaver (Minotaur Gladiator)               Turns: 4742, Time: 00:14:57

Health: -3/69      AC:  3    Str: 21      XL:     8   Next: 99%
Magic:  16/16      EV: 14    Int:  5      God:    Gozag
Gold:   660        SH:  0    Dex: 11 (12) Spells: 7/7 levels left

rFire    x . .     SeeInvis .   a - +4 battleaxe
rCold    + . .     Gourm    .   (shield currently unavailable)
rNeg     . . .     Faith    .   h - +0 leather armour
rPois    .         Spirit   .   c - +0 hat
rElec    .         Reflect  .   (no cloak)
rCorr    .         Harm     .   (no gloves)
MR       .....                  (no boots)
Stlth    +.........             (no amulet)
HPRegen  0.21/turn              k - ring of magical power
MPRegen  0.15/turn              y - ring of ice

@: no status effects
A: retaliatory headbutt, horns 2
a: Potion Petition, Call Merchant, Bribe Branch, Renounce Religion


You were on level 6 of the Dungeon.
You worshipped Gozag.
Gozag was pleased with you.
You were very hungry.

You visited 1 branch of the dungeon, and saw 6 of its levels.

You collected 721 gold pieces.
You paid 61 gold pieces to Gozag.

Inventory:

Hand Weapons
 a - a +4 battleaxe (weapon)
 b - a +0 shortbow
 e - a +0 war axe
 l - a +2 vampiric short sword
 m - a +0 hunting sling
 p - a +2 hand axe of electrocution
 v - a +4 vampiric halberd
Missiles
 d - 2 throwing nets (quivered)
 s - 34 bolts
 t - 17 sling bullets
 E - 25 arrows
Armour
 c - a +0 hat (worn)
 h - a +0 leather armour (worn)
 I - a +1 shield
Jewellery
 k - a ring of magical power (left hand)
 y - a ring of ice (right hand)
Scrolls
 w - 3 scrolls of teleportation
 x - a scroll of magic mapping
 A - 2 scrolls of remove curse
 C - 3 scrolls of identify
 F - 2 scrolls of enchant armour
 G - a scroll of blinking
 H - a scroll of enchant weapon
Potions
 g - 4 potions of curing
 i - a potion of might {unknown}
 j - a potion of berserk rage {unknown}
 n - 2 potions of mutation {unknown}
 o - a potion of flight {unknown}
 q - 2 potions of lignification {unknown}
 r - a potion of agility {unknown}
 u - 2 potions of haste {unknown}
 z - a potion of degeneration {unknown}
 B - 4 potions of heal wounds
 D - a potion of invisibility {unknown}
Comestibles
 f - 8 rations


   Skills:
 + Level 5.5 Fighting
 + Level 9.0 Axes
 + Level 4.2 Bows
 + Level 2.4 Throwing
 + Level 4.2 Armour
 + Level 5.9 Dodging
 + Level 1.2 Stealth
 + Level 4.3 Shields


You had 7 spell levels left.
You didn't know any spells.
Your spell library contained the following spells:

 Spells                   Type           Power        Failure   Level  Hunger
 Beastly Appendage        Tmut           #.....       52%         1    ##.....
 Corona                   Hex            #......      52%         1    ##.....
 Ensorcelled Hibernation  Hex/Ice        #.....       67%         2    ###....
 Sticks to Snakes         Tmut           #.......     67%         2    ###....
 Confuse                  Hex            #.......     88%         3    ####...
 Dazzling Spray           Conj/Hex       #.....       88%         3    ####...
 Spider Form              Tmut/Pois      #.........   88%         3    ####...
 Tukima's Dance           Hex            #.......     88%         3    ####...
 Ice Form                 Ice/Tmut       #.......     99%         4    #####..
 Blade Hands              Tmut           #.........   100%        5    ######.


Dungeon Overview and Level Annotations

Branches:
Dungeon (6/15)
 Temple: D:4-7

Altars:
Ashenzari
Gozag
Hepliaklqana
Nemelex Xobeh
Qazlal
Yredelemnul
Zin

Shops:
D:5 (


Innate Abilities, Weirdness & Mutations

You reflexively headbutt those who attack you in melee.
You have a pair of horns on your head.


Message History

You are too injured to fight recklessly!
You barely miss the orc warrior.
The orc warrior is severely wounded.
You are feeling very hungry.
The orc warrior hits you with a +0 long sword!
* * * LOW HITPOINT WARNING * * *
You completely miss the orc warrior. Your headbutt misses the orc warrior.
The orc warrior is severely wounded.
The orc warrior closely misses you.
You closely miss the orc warrior. You headbutt the orc warrior.
The orc warrior is severely wounded.
The orc warrior misses you.
You hit the orc warrior but do no damage.
The orc warrior is severely wounded.
The orc warrior completely misses you.
You closely miss the orc warrior.
The orc warrior is severely wounded.
The orc warrior hits you with a +0 long sword!
You die...
Your body crumbles into a pile of gold.

#..........#
#....#.#.......#
#..........#
#.####'####....#
#..........#
#.#.^#.#^.#....#
...........#
#.####.####.#.##
##.........#
#.^#.#^.#.#.#
#.........#
####.####.#.#
#.........#
#$#.^#.#^.#.#.#
#.........#
#.####[####.#
#.........#
#.o@........#
#####.##.##
####.#...##...#
#.##.#### #....#####.#
######.....5......#.##
.#
......###.#######.#.#
# ..........# #...#
.####.##### #<.## .#
#.# #.. .# #.# ##.#


You could see an orc warrior.

Vanquished Creatures
  2 orc warriors
  A phantom (D:4)
  4 ogres
  A centaur (D:5)
  2 bullfrogs (D:6)
  A scorpion (D:4)
  A wight (D:6)
  5 crimson imps
  A quasit (D:6)
  2 hounds (D:5)
  A bullfrog skeleton (D:4)
  3 orc priests (D:6)
  An iguana (D:6)
  6 orc wizards
  Natasha (thrice) (D:3)
  4 worker ants
  7 gnolls
  8 adders
  3 shadow imps (D:6)
  3 worms
  A dart slug (D:3)
  20 orcs
  5 bats
  6 giant cockroaches
  11 goblins
  14 hobgoblins
  11 jackals
  2 quokkas
  A ball python (D:4)
  5 frilled lizards
  9 kobolds
  7 rats
151 creatures vanquished.

Notes
Turn   | Place    | Note
-------+----------+-------------------------------------------
     0 | D:1      | xveg the Minotaur Gladiator began the quest for the Orb.
     0 | D:1      | Reached XP level 1. HP: 18/18 MP: 0/0
   128 | D:1      | Reached XP level 2. HP: 23/25 MP: 1/1
   161 | D:1      | Reached skill level 4 in Axes
   461 | D:2      | Found a glowing silver altar of Zin.
   525 | D:2      | Reached XP level 3. HP: 27/30 MP: 2/2
   747 | D:2      | Found a basalt altar of Yredelemnul.
   878 | D:2      | Reached skill level 1 in Armour
  1111 | D:2      | Reached XP level 4. HP: 18/37 MP: 3/3
  1525 | D:3      | Reached XP level 5. HP: 24/44 MP: 4/4
  1534 | D:3      | Noticed Natasha
  1540 | D:3      | Killed Natasha
  1540 | D:3      | Reached skill level 1 in Shields
  1544 | D:3      | Reached skill level 5 in Axes
  1625 | D:3      | Noticed Natasha
  1629 | D:3      | Killed Natasha
  1883 | D:3      | Noticed Natasha
  1888 | D:3      | Killed Natasha
  1998 | D:4      | Noticed a phantom
  2018 | D:4      | Killed a phantom
  2018 | D:4      | Reached XP level 6. HP: 34/51 MP: 5/5
  2033 | D:4      | Reached skill level 6 in Axes
  2203 | D:4      | Reached XP level 7. HP: 48/59 MP: 6/6
  2270 | D:4      | Found a sparkling altar of Nemelex Xobeh.
  2320 | D:4      | Found an opulent altar of Gozag.
  2323 | D:4      | Found a stormy altar of Qazlal.
  2326 | D:4      | Found a hazy altar of Hepliaklqana.
  2341 | D:4      | Became a worshipper of Gozag Ym Sagoz the Greedy
  2412 | D:4      | Reached skill level 7 in Axes
  3108 | D:5      | Entered Level 5 of the Dungeon
  3209 | D:5      | Reached skill level 5 in Dodging
  3220 | D:5      | Found Ceedaduu's Weapon Emporium.
  3378 | D:5      | Reached skill level 8 in Axes
  3378 | D:5      | Reached skill level 1 in Stealth
  3378 | D:5      | Reached XP level 8. HP: 47/67 MP: 7/7
  3426 | D:5      | Reached skill level 5 in Fighting
  3603 | D:5      | Found a shattered altar of Ashenzari.
  3816 | D:5      | Reached skill level 1 in Bows
  4589 | D:6      | Reached skill level 9 in Axes
  4742 | D:6      | Slain by an orc warrior

Skill      XL: |  1  2  3  4  5  6  7  8 |
---------------+-------------------------+-----
Axes           | 4 5 6 8 9 |  9.0
Armour         | 1 2 3 4 |  4.2
Dodging        | 4 5 |  5.9
Shields        | 1 2 3 4 |  4.3
Fighting       | 3 4 5 |  5.5
Stealth        | 1 |  1.2
Bows           | 4 |  4.2
Throwing       | |  2.4

Action                   |  1- 3 |  4- 6 |  7- 9 || total
-------------------------+-------+-------+-------++-------
Melee: War axe           |    56 |       |       ||    56
       Headbutt          |    15 |    15 |    29 ||    59
       Hand axe          |    29 |    84 |   129 ||   242
       Battleaxe         |       |       |     8 ||     8
 Fire: Shortbow          |       |       |    33 ||    33
Throw: Throwing net      |       |       |     1 ||     1
Invok: Potion Petition   |       |       |     1 ||     1
  Use: Scroll            |     3 |     4 |     3 ||    10
       Potion            |     1 |     1 |     3 ||     5
 Stab: Distracted        |       |       |     1 ||     1
  Eat: Ration            |       |     1 |     2 ||     3
       Chunk             |       |       |     1 ||     1
Armor: Leather armour    |    14 |    10 |    17 ||    41
Dodge: Dodged            |    65 |    40 |    77 ||   182
Block: Shield            |    12 |    28 |    60 ||   100
